 Dungeon Crawl Stone Soup version 0.31-a0-691-g409c26aa35 (webtiles) character file.

Game seed: 12120019500756785159

161 qw the Shooter (level 5, 0/32 HPs)
             Began as a Gargoyle Hunter on Sept 6, 2023.
             Slain by an orc wizard
             ... wielding a +0 dagger
              (3 damage)
             ... on level 3 of the Dungeon.
             The game lasted 00:00:41 (1585 turns).

qw the Shooter (Gargoyle Hunter)                    Turns: 1585, Time: 00:00:42

Health: 0/32       AC: 11    Str: 14 (15) XL:     5   Next: 42%
Magic:  0/5        EV: 11    Int:  8 (9)  God:
Gold:   121        SH:  0    Dex: 15      Spells: 4/4 levels left

rFire   . . .        h - +0 shortbow (heavy)
rCold   . . .        (shield currently unavailable)
rNeg    + . .        j - +0 ring mail
rPois   inf          a - +0 helmet
rElec   +            k - +0 cloak
rCorr   .            (no gloves)
SInv    .            (no boots)
Will    +....        d - amulet of guardian spirit
Stlth   +            g - ring of willpower
HPRegen 0.25/turn    (no ring)
MPRegen 0.09/turn

%: guardian spirit
@: no status effects
A: sickness immunity, AC +4, negative energy resistance 1, electricity
resistance, torment resistance 1, petrification resistance
a: no special abilities


You were on level 3 of the Dungeon.
You visited 1 branch of the dungeon, and saw 3 of its levels.

You collected 121 gold pieces.


Innate Abilities, Weirdness & Mutations

You are immune to sickness and miasma.
Your stone body is resilient. (AC +4)
You are immune to poison.
You resist negative energy. (rN+)
You are resistant to electric shocks. (rElec)
You are resistant to unholy torment.
You are immune to petrification.


   Skills:
 - Level 3.0 Fighting
 + Level 5.8 Ranged Weapons
 - Level 2.0 Armour
 - Level 1.5 Dodging
 - Level 1.1 Stealth


You had 4 spell levels left.
You didn't know any spells.
Your spell library was empty.

Inventory:

Hand Weapons
 h - a +0 heavy shortbow (weapon)
Armour
 a - a +0 helmet (worn)
 j - a +0 ring mail (worn)
 k - a +0 cloak (worn)
Jewellery
 d - an amulet of guardian spirit (around neck)
 g - a ring of willpower (left hand)
Scrolls
 b - a scroll of identify
 l - a scroll of vulnerability {unknown}
Potions
 c - a potion of enlightenment {unknown}
 e - a potion of resistance {unknown}
 f - 2 potions of brilliance {unknown}
 i - a potion of might
 m - a potion of heal wounds {unknown}
 n - a potion of curing {unknown}

Dungeon Overview and Level Annotations

Branches:
Dungeon (3/15)

Altars:


Message History

The orc wizard gestures wildly while chanting.
The orc wizard flickers and vanishes!
Deactivating autopickup; reactivate with Ctrl-A.
The orc hits you but does no damage. The quokka closely misses you.
The orc hits you with a +0 short sword. The orc hits you but does no damage.
Something hits you but does no damage.
You shoot an arrow.
The arrow hits the quokka but does no damage.
The quokka misses you. The orc misses you. The quokka barely misses you.
Something hits you but does no damage. The orc hits you but does no damage.
The orc hits you with a +0 mace! The quokka barely misses you.
The orc hits you with a +0 short sword. Something hits you.
You shoot an arrow. The arrow misses the quokka.
The quokka barely misses you. The orc hits you with a +0 mace.
You hear some strange, mumbled words.
Something tries to affect you, but you resist.
The orc barely misses you. The quokka bites you.
The orc hits you but does no damage. x2; Something hits you but does no damage.
You shoot an arrow. The arrow hits the quokka!
You kill the quokka!
The orc barely misses you. Something completely misses you.
The orc hits you with a +0 short sword.
You feel your strength returning.
You shoot an arrow. The arrow hits the orc!
You kill the orc!
The orc closely misses you.
You hear some strange, mumbled words.
A puff of flame appears from out of thin air!
The puff of flame misses you.
The puff of flame hits the orc!
The orc dies!
You hear some strange, mumbled words.
A puff of flame appears from out of thin air!
The puff of flame hits you.
You shoot an arrow.
You hear some strange, mumbled words.
Something tries to affect you, but you resist.
Something hits you but does no damage.
You shoot an arrow. Something hits you.
You die...

..........#.....
.##........<.... .##
..#.............. ##..##
#.#..........#..# ......
.............#..###......
###.#.#......##..#.......
. #...#..........#.......
..#...#......#..)%.......
#........%...#..@))......
#...............{#..>....
#.......#.####.###.......
##.........# #.# .o.....
######....# #.#


oo..... #####.#..# #.# oo..... #........###.# o...... ..###........# .......
##.......## There were no monsters in sight!

Vanquished Creatures
  An orc wizard (D:3)
  Terence (D:2)
  A sleepcap (D:3)
  2 adders (D:2)
  3 dart slugs (D:1)
  6 orcs (D:3)
  4 endoplasms
  8 giant cockroaches
  3 hobgoblins
  3 quokkas
  2 ball pythons
  2 bats
  2 frilled lizards
  8 goblins
  4 kobolds
  3 rats
53 creatures vanquished.

Vanquished Creatures (others)
  An orc (D:3)
1 creature vanquished.

Grand Total: 54 creatures vanquished

Notes
Turn   | Place    | Note
-------+----------+-------------------------------------------
     0 | D:1      | qw the Gargoyle Hunter began the quest for the Orb.
     0 | D:1      | Reached XP level 1. HP: 12/12 MP: 1/1
     0 | D:1      | 0 ||| qw: Version: 0.3-a-76-g4403597
     0 | D:1      | 0 ||| qw: Game counter: 35
     0 | D:1      | 0 ||| qw: Melee chars always use a shield: true
     0 | D:1      | 0 ||| qw: God list: Okawaru
     0 | D:1      | 0 ||| qw: Allow faded altars: false
     0 | D:1      | 0 ||| qw: Do Orc after clearing Dungeon:15 true
     0 | D:1      | 0 ||| qw: Do second Lair branch before Depths: true
     0 | D:1      | 0 ||| qw: Lair rune preference: random
     0 | D:1      | 0 ||| qw: Goals: Normal
     0 | D:1      | 0 ||| PLANNING D:1-11
    60 | D:1      | 60 ||| Stepping ~*~*~tactically~*~*~ (outnumbered).
    62 | D:1      | 62 ||| Stepping ~*~*~tactically~*~*~ (outnumbered).
    66 | D:1      | Reached XP level 2. HP: 17/17 MP: 2/2
   536 | D:1      | Reached XP level 3. HP: 21/21 MP: 3/3
   707 | D:1      | Reached skill level 5 in Ranged Weapons
   707 | D:1      | Found a faded altar of an unknown god.
   710 | D:1      | 710 ||| UPGRADING to +0 ring mail.
   720 | D:1      | 720 ||| DROPPING +0 leather armour.
   721 | D:1      | 721 ||| UPGRADING to ring of willpower.
   722 | D:1      | 722 ||| READING scroll labelled ERODABU QEITIGH.
   723 | D:1      | 723 ||| READING scroll labelled QOSACK JEMAXTO.
   724 | D:1      | 724 ||| READING 2 scrolls labelled GOIRUK AMA.
   725 | D:1      | 725 ||| DROPPING scroll of butterflies.
   918 | D:2      | Noticed Terence
   923 | D:2      | Killed Terence
   964 | D:2      | Reached XP level 4. HP: 26/26 MP: 4/4
  1176 | D:2      | Reached skill level 3 in Fighting
  1385 | D:2      | 1385 ||| UPGRADING to +0 helmet.
  1390 | D:2      | 1390 ||| UPGRADING to +0 cloak.
  1395 | D:2      | 1395 ||| UPGRADING to amulet of guardian spirit.
  1400 | D:2      | 1400 ||| READING scroll labelled JUIBUR HEDOUX.
  1403 | D:2      | 1403 ||| READING scroll labelled TIHALLEMEI.
  1404 | D:2      | 1404 ||| READING scroll labelled DAOLALUASM.
  1405 | D:2      | 1405 ||| READING scroll labelled IPE NEMUTOIFRU.
  1406 | D:2      | 1406 ||| DRINKING 2 coppery potions.
  1407 | D:2      | 1407 ||| DRINKING 2 murky dark potions.
  1408 | D:2      | 1408 ||| DROPPING potion of degeneration.
  1432 | D:3      | Reached XP level 5. HP: 32/32 MP: 5/5
  1566 | D:3      | 1566 ||| Stepping ~*~*~tactically~*~*~ (outnumbered).
  1568 | D:3      | 1568 ||| Stepping ~*~*~tactically~*~*~ (outnumbered).
  1582 | D:3      | HP: 6/32 [orc/+0 short sword (3)]
  1583 | D:3      | HP: 2/32 [something/puff of flame (5)]
  1585 | D:3      | Slain by an orc wizard

Levels and vault maps discovered:
D:1:      grunt_arrival_crossed_arrows, layout_basic,
          hellmonk_ecumenical_altar_prayer_group, minmay_misc_feat_pillars,
          grunt_decor_junction
D:2:      layout_loops_ring, uniq_terence
D:3:      layout_rooms

Skill      XL: |  1  2  3  4 |
---------------+-------------+-----
Ranged Weapons | 5 |  5.8
Armour         | 2 |  2.0
Fighting       | 3 |  3.0
Dodging        | |  1.5
Stealth        | |  1.1

Action                     |  1- 3 |  4- 6 || total
---------------------------+-------+-------++-------
   Fire: Shortbow          |    64 |    83 ||   147
    Use: Scroll            |     3 |     4 ||     7
         Potion            |       |     2 ||     2
 Armour: Leather armour    |     3 |       ||     3
         Ring mail         |     2 |    70 ||    72
  Dodge: Dodged            |     6 |    42 ||    48

Table legend:
 A = Non-vault XP
 B = Vault XP
 C = Vault XP percentage of total XP
 D = Non-vault monster count
 E = Vault monster count
 F = Vault count percentage of total count
                 A         B        C        D         E       F
            +---------+---------+-------+---------+---------+-------
      Total |     192 |      38 |  16.5 |      51 |       2 |   3.8
            +---------+---------+-------+---------+---------+-------
        D:1 |      38 |       2 |   5.0 |      20 |       1 |   4.8
        D:2 |      45 |      36 |  44.4 |      11 |       1 |   8.3
        D:3 |     109 |       0 |   0.0 |      20 |       0 |   0.0
            +---------+---------+-------+---------+---------+-------
